 Dungeon Crawl Stone Soup version 0.22-a0-825-ga28c36f (webtiles) character file.

67 inc the Skirmisher (level 4, 0/49 HPs)
             Began as an Ogre Gladiator on July 24, 2018.
             Slain by an orc (1 damage)
             ... on level 3 of the Dungeon.
             The game lasted 00:02:12 (1571 turns).

inc the Skirmisher (Ogre Gladiator)                 Turns: 1571, Time: 00:02:13

Health: 0/49       AC:  3    Str: 19    XL:     4   Next: 18%
Magic:  4/4        EV: 10    Int:  9    God:
Gold:   52         SH:  0    Dex: 13    Spells: 3/3 levels left

rFire    . . .     SeeInvis .   a - +0 flail
rCold    . . .     Gourm    .   (no shield)
rNeg     . . .     Faith    .   b - +0 robe
rPois    .         Spirit   .   c - +0 hat
rElec    .         Reflect  .   (no cloak)
rCorr    .         Harm     .   (gloves unavailable)
MR       .....                  (boots unavailable)
Stlth    +.........             (no amulet)
HPRegen  0.16/turn              i - +3 ring of dexterity
MPRegen  0.09/turn              (no ring)

@: no status effects
A: large, unfitting armour, tough skin 1
a: no special abilities


You were on level 3 of the Dungeon.
You were very hungry.

You visited 1 branch of the dungeon, and saw 3 of its levels.

You collected 52 gold pieces.

Inventory:

Hand Weapons
 a - a +0 flail (weapon)
 q - a +0 blowgun
Missiles
 d - 3 throwing nets (quivered)
 p - a tomahawk
 r - 9 poisoned needles
Armour
 b - a +0 robe (worn)
 c - a +0 hat (worn)
Jewellery
 i - a +3 ring of dexterity (left hand)
Scrolls
 g - a scroll of blinking {unknown}
 j - a scroll of enchant weapon {unknown}
 k - a scroll of identify {unknown}
 l - a scroll of immolation {unknown}
 m - a scroll of remove curse {unknown}
Potions
 o - a potion of mutation {unknown}
Comestibles
 f - 4 rations


   Skills:
 + Level 4.5 Fighting
 + Level 3.6 Maces & Flails
 - Level 2.0 Throwing
 - Level 2.6 Dodging


You had 3 spell levels left.
You didn't know any spells.
Your spell library was empty.

Dungeon Overview and Level Annotations

Branches:
Dungeon (3/15)

Altars:
Dithmenos
Kikubaaqudgha

Annotations:
D:2 Sigmund


Innate Abilities, Weirdness & Mutations

You are too large for most types of armour.
You have tough skin. (AC +1)


Message History

You closely miss the orc.
The orc is heavily wounded.
The orc barely misses you.
You hit the orc.
The orc is almost dead.
The orc barely misses you.
You hit the orc but do no damage.
The orc is almost dead.
The orc hits you.
* * * LOW HITPOINT WARNING * * *
The orc barely misses you.
You barely miss the orc.
The orc is almost dead.
The orc hits you.
* * * LOW HITPOINT WARNING * * *
Unknown command.
You closely miss the orc.
The orc is almost dead.
The orc hits you.
You die...

#.÷.........÷...÷##...#
#.....................#
#.##.######.####.##...#
.......# #.# #.###.##
.###.#.# #.# #.# #.#
..##.#.# #.#
#.###.############
.....# # #.#
#.##.#...)........
.#.#.... ..
#.###.############
.....#.# #@# ### #
.#.#.# . #o# # .....#
#K# # .#.#.#
...K........... #
.....# .⌠.._.$.....##.
# ..#.## ......#####.#
# .... ...... # # ..
...... # ..# ...## #


You could see an orc and a kobold.

Vanquished Creatures
  An orc wizard (D:3)
  A worm (D:3)
  A dart slug (D:1)
  2 leopard geckos
  2 orcs (D:3)
  A ball python (D:2)
  5 hobgoblins
  2 jackals (D:3)
  4 bats
  8 kobolds
  2 rats
29 creatures vanquished.

Notes
Turn   | Place    | Note
-------+----------+-------------------------------------------
     0 | D:1      | inc the Ogre Gladiator began the quest for the Orb.
     0 | D:1      | Reached XP level 1. HP: 22/22 MP: 1/1
   335 | D:1      | Reached skill level 3 in Fighting
   338 | D:1      | Reached XP level 2. HP: 28/31 MP: 2/2
  1052 | D:2      | Noticed Sigmund
  1097 | D:3      | Reached XP level 3. HP: 9/39 MP: 3/3
  1248 | D:3      | Found a shadowy altar of Dithmenos.
  1475 | D:3      | Reached skill level 4 in Fighting
  1546 | D:3      | Found an ancient bone altar of Kikubaaqudgha.
  1558 | D:3      | Reached XP level 4. HP: 24/49 MP: 4/4
  1570 | D:3      | HP: 1/49 [orc (3)]
  1571 | D:3      | Slain by an orc

Vault maps used:
D:1:      dpeg_arrival_stone_temple_mockup, serial_bayou_lake_a
D:2:      nemelex_altar_shiori, uniq_terence, uniq_sigmund
D:3:      kb_forest_paths, grunt_dithmenos_smoke_and_mirrors,
          grunt_temple_overflow_open, glass_columns_b

Skill      XL: |  1  2  3 |
---------------+----------+-----
Fighting       | 3 4 |  4.5
Maces & Flails | 3 |  3.6
Throwing       | |  2.0
Dodging        | |  2.6

Action                   |  1- 3 |  4- 6 || total
-------------------------+-------+-------++-------
Melee: Flail             |    80 |    13 ||    93
  Use: Potion            |     3 |       ||     3
 Stab: Sleeping          |     2 |       ||     2
  Eat: Chunk             |     1 |       ||     1
Armor: Robe              |    29 |     3 ||    32
Dodge: Dodged            |    56 |     3 ||    59

Table legend:
 A = Spawn XP
 B = Non-spawn XP
 C = Spawn XP percentage of total XP
 D = Spawn monster count
 E = Non-spawn monster count
 F = Spawn count percentage of total count
 G = Total turns spent on level
                    A         B        C        D         E        F      G
               +---------+---------+-------+---------+---------+-------+---------
         Total |       0 |      97 |   0.0 |       0 |      29 |   0.0 |  1571
               +---------+---------+-------+---------+---------+-------+---------
           D:1 |       0 |      23 |   0.0 |       0 |      14 |   0.0 |   876
           D:2 |       0 |       2 |   0.0 |       0 |       1 |   0.0 |   195
           D:3 |       0 |      72 |   0.0 |       0 |      14 |   0.0 |   500
               +---------+---------+-------+---------+---------+-------+---------
